 Dungeon Crawl Stone Soup version 0.25.1-2-g60ff931df9 (webtiles) character file.

Game seed: 8112636774907094284

172 Delamore the Shield-Bearer (level 5, -2/34 HPs)
             Began as a Gargoyle Fighter on Aug 30, 2020.
             Slain by an ogre
             ... wielding a +0 giant spiked club
              (14 damage)
             ... on level 3 of the Dungeon.
             The game lasted 00:02:39 (2569 turns).

Delamore the Shield-Bearer (Gargoyle Fighter)       Turns: 2569, Time: 00:02:39

Health: -2/34      AC: 12    Str: 20    XL:     5   Next: 53%
Magic:  5/5        EV:  7    Int:  9    God:
Gold:   219        SH:  9    Dex:  9    Spells: 4/4 levels left

rFire    . . .     SeeInvis .   a - +0 flail
rCold    . . .     Gourm    .   c - +0 kite shield
rNeg     + . .     Faith    .   b - +0 scale mail
rPois    ∞         Spirit   .   (no helmet)
rElec    +         Reflect  .   (no cloak)
rCorr    .         Harm     .   (no gloves)
MR       .....                  s - +0 pair of boots
Stlth    ..........             (no amulet)
HPRegen  0.11/turn              (no ring)
MPRegen  0.09/turn              (no ring)

@: no status effects
A: negative energy resistance 1, electricity resistance, unbreathing,
petrification resistance, rot immunity, AC +4
a: no special abilities


You were on level 3 of the Dungeon.
You were not hungry.

You visited 1 branch of the dungeon, and saw 3 of its levels.

You collected 219 gold pieces.

Inventory:

Hand Weapons
 a - a +0 flail (weapon)
Armour
 b - a +0 scale mail (worn)
 c - a +0 kite shield (worn)
 s - a +0 pair of boots (worn)
Scrolls
 e - 6 scrolls of identify {unknown}
 g - 3 scrolls of enchant armour {unknown}
 i - 3 scrolls of teleportation {unknown}
 k - a scroll of immolation {unknown}
 l - 2 scrolls of amnesia {unknown}
 m - 2 scrolls of magic mapping {unknown}
 q - a scroll of enchant weapon {unknown}
 r - 2 scrolls of noise {unknown}
 t - a scroll of blinking {unknown}
 u - a scroll of remove curse {unknown}
Potions
 d - a potion of might
 h - a potion of haste {unknown}
 j - a potion of berserk rage {unknown}
 n - a potion of stabbing {unknown}
 o - 3 potions of lignification {unknown}
 p - a potion of degeneration {unknown}
 w - a potion of curing {unknown}
Comestibles
 f - 10 rations
 v - a chunk of flesh


   Skills:
 + Level 4.3 Fighting
 + Level 3.2 Maces & Flails
 + Level 4.3 Armour
 + Level 4.3 Shields


You had 4 spell levels left.
You didn't know any spells.
Your spell library was empty.

Dungeon Overview and Level Annotations

Branches:
Dungeon (3/15)

Altars:


Innate Abilities, Weirdness & Mutations

You are resistant to torment.
Your stone body is resilient. (AC +4)
You are immune to poison.
You resist negative energy. (rN+)
You are resistant to electric shocks. (rElec)
You can survive without breathing.
You are immune to petrification.
You are immune to rotting.


Message History

The ogre hits you with a +0 giant spiked club!!
Ouch! That really hurt!
You are too injured to fight recklessly!
You are too injured to fight recklessly!
You are too injured to fight recklessly!
You are too injured to fight recklessly!
You are too injured to fight recklessly!
You are too injured to fight recklessly!
You are too injured to fight recklessly!
You are too injured to fight recklessly!
You are too injured to fight recklessly!
You are too injured to fight recklessly!
You are too injured to fight recklessly!
You are too injured to fight recklessly!
You are too injured to fight recklessly!
You are too injured to fight recklessly!
You are too injured to fight recklessly!
You closely miss the ogre.
The ogre hits you with a +0 giant spiked club!
You die...

#.# #.# ##### #.#
#.# ....# ### #.#
#.# ....#
##...####.# #.#
....# #.........#
#.# ....#
#.........# #.#
....# #.......(.###
#.#
....####...........#
#.########
..#.............@..#
#.##.....#
..#.............O..#
#.##.###.#
.......).........>##
#.##.# #.#
..########.##.....#
#....# #.# ..#
...#.....# ######
#.# ..# .....#.....#
#.# ### .........#.#
#(# #. #.........#
##########.##
#.#####.......#.#
#(...........


You could see an ogre.

Vanquished Creatures
  Jessica (D:2)
  Natasha (twice) (D:2)
  3 adders
  A worm (D:3)
  3 dart slugs
  4 leopard geckos
  2 orcs (D:3)
  A ball python (D:2)
  3 giant cockroaches
  7 hobgoblins
  6 kobolds
  A quokka (D:3)
  2 bats
  A frilled lizard (D:2)
  9 goblins
  10 rats
  A fungus (D:2)
57 creatures vanquished.

Vanquished Creatures (others)
  4 toadstools (D:2)
4 creatures vanquished.

Grand Total: 61 creatures vanquished

Notes
Turn   | Place    | Note
-------+----------+-------------------------------------------
     0 | D:1      | Delamore the Gargoyle Fighter began the quest for the Orb.
     0 | D:1      | Reached XP level 1. HP: 14/14 MP: 1/1
    56 | D:1      | Reached XP level 2. HP: 15/19 MP: 2/2
   622 | D:2      | Reached XP level 3. HP: 21/23 MP: 3/3
   642 | D:2      | Noticed Jessica
   647 | D:2      | Killed Jessica
   726 | D:2      | Noticed Natasha
   731 | D:2      | Killed Natasha
   731 | D:2      | Reached XP level 4. HP: 25/29 MP: 4/4
   750 | D:2      | Noticed Natasha
   759 | D:2      | Killed Natasha
   878 | D:2      | You fall into a shaft and drop 1 floor!
  1243 | D:2      | Reached XP level 5. HP: 33/33 MP: 5/5
  2565 | D:3      | Noticed an ogre
  2569 | D:3      | Slain by an ogre

Illustrated notes

Levels and vault maps discovered:
D:1:      minmay_arrival_floating_metal, layout_rooms,
          corexii_item_surrounded_by_moat
D:2:      layout_loops_corners, first_ration, minmay_gold_behind_fungi,
          kennysheep_boxes, uniq_jessica, uniq_natasha
D:3:      layout_basic

Skill      XL: |  1  2  3  4 |
---------------+-------------+-----
Shields        | 4 |  4.3
Fighting       | 4 |  4.3
Armour         | 4 |  4.3
Maces & Flails | 3 |  3.2

Action                   |  1- 3 |  4- 6 || total
-------------------------+-------+-------++-------
Melee: Flail             |    80 |   145 ||   225
  Eat: Chunk             |       |     6 ||     6
Armor: Scale mail        |    37 |    59 ||    96
Dodge: Dodged            |    28 |    44 ||    72
Block: Kite shield       |    43 |    70 ||   113
